Map: Lost and Found LE

Players

Alex - Winner!

  • Race: Zerg Zerg
  • League: Diamond
  • Spawn Location: 7:00

RorschachINK

  • Race: Protoss Protoss
  • League: Master
  • Spawn Location: 1:00

VOD

Have the link to the VOD?

Description

Time

  • Played on: Aug. 7, 2018, 10:38 p.m.
  • Length: 23:15
Show
View Real Time Build Order
Export as new Build Order

Alex Zerg - Winner!

Build Orders: Hatch First, Swarm Host 

Get SALT Encoding   

  12  0:01  Drone  
  13  0:12  Overlord  
  13  0:21  Drone  
  14  0:31  Drone x2  
  16  0:50  Hatchery  
  16  0:53  Drone  
  16  0:59  Drone  
  17  1:14  Spawning Pool  
  16  1:30  Extractor  
  16  1:32  Drone x3  
  18  1:49  Drone  
  19  1:56  Overlord  
  19  2:03  Zergling x2  
  19  2:08  Queen x2  
  24  2:09  Drone  
  25  2:16  Drone x2  
  27  2:25  Drone  
  28  2:34  Drone  
  29  2:42  Hatchery  
  29  2:44  Metabolic Boost  
  28  2:50  Drone x2  
  30  2:53  Drone  
  31  3:09  Zergling x2  
  31  3:10  Drone  
  31  3:11  Overlord  
  33  3:25  Overlord  
  33  3:27  Drone x3  
  33  3:29  Overlord  
  33  3:30  Drone  
  33  3:31  Drone  
  38  3:42  Lair  
  38  3:47  Pneumatized Carapace  
  38  3:56  Zergling x14  
  45  4:04  Zergling x4  
  47  4:12  Zergling x2  
  50  4:19  Queen  
  50  4:21  Zergling x8  
  54  4:28  Overlord  
  54  4:46  Zergling x12  
  54  4:47  Zergling x4  
  62  4:56  Queen x2  
  66  5:12  Overlord x2  
  66  5:27  Overlord x2  
  65  5:42  Hatchery  
  53  5:45  Spine Crawler  
  53  5:46  Spine Crawler  
  53  5:48  Drone x7  
  53  5:49  Drone x2  
  58  6:03  Spine Crawler  
  57  6:10  Hydralisk Den  
  55  6:12  Extractor x2, Drone x6  
  55  6:13  Extractor  
  58  6:18  Queen x2  
  62  6:29  Spore Crawler  
  62  6:32  Spore Crawler  
  60  6:34  Drone  
  60  6:35  Drone x2  
  63  6:50  Hydralisk x7  
  67  7:09  Hydralisk  
  67  7:10  Hydralisk x3  
  71  7:16  Drone x6  
  71  7:21  Drone  
  71  7:22  Drone  
  79  7:32  Muscular Augments  
  79  7:34  Overlord  
  79  7:35  Overlord x3  
  79  7:46  Overlord  
  79  8:00  Zergling x2  
  79  8:01  Hydralisk x8  
  79  8:05  Overlord  
  96  8:22  Overlord  
  96  8:25  Drone x11  
  107  8:34  Overlord  
  105  8:50  Drone x10  
  105  8:51  Extractor, Overlord  
  105  8:53  Extractor  
  113  8:56  Drone x3, Spire  
  113  8:57  Drone  
  113  9:01  Grooved Spines  
  116  9:20  Overlord  
  116  9:22  Zergling x2  
  116  9:23  Zergling x12  
  123  9:24  Drone x6  
  123  9:27  Extractor  
  123  9:28  Extractor  
  127  9:58  Overlord x2  
  127  10:08  Zerg Flyer Weapons Level 1  
  127  10:10  Mutalisk  
  127  10:11  Mutalisk x3  
  135  10:14  Evolution Chamber, Overlord x3  
  135  10:17  Evolution Chamber, Mutalisk x9  
  151  10:30  Overlord x2  
  151  10:35  Baneling Nest  
  150  10:44  Mutalisk  
  150  10:45  Mutalisk x4  
  150  10:47  Overseer  
  160  10:52  Zergling x4, Hatchery  
  160  10:53  Zergling x16  
  169  11:02  Hatchery  
  168  11:07  Zerg Missile Weapons Level 1, Zerg Ground Armor Level 1  
  168  11:08  Infestation Pit  
  167  11:32  Overlord x2  
  161  11:55  Swarm Host, Infestor  
  161  11:56  Swarm Host x11  
  197  12:03  Infestation Pit  
  136  12:38  Hydralisk x5  
  136  12:39  Hydralisk x9  
  127  13:13  Hydralisk  
  127  13:14  Hydralisk x7  
  143  13:32  Lair  
  139  13:40  Drone x7  
  139  13:41  Drone x4  
  146  14:11  Drone x10  
  146  14:17  Spine Crawler x3  
  154  14:18  Extractor, Drone x2  
  154  14:19  Spine Crawler  
  154  14:23  Extractor  
  152  14:25  Baneling x6  
  152  14:44  Hatchery  
  146  14:50  Hydralisk x12  
  170  15:05  Overseer  
  170  15:20  Zerg Missile Weapons Level 2  
  170  15:21  Zerg Ground Armor Level 2  
  142  15:47  Swarm Host x4  
  142  15:48  Swarm Host x3  
  157  16:03  Drone x8  
  157  16:04  Drone x7  
  132  16:28  Hydralisk x9  
  132  16:29  Hydralisk x5  
  160  16:35  Extractor  
  160  16:39  Spine Crawler  
  158  16:41  Spine Crawler  
  157  16:52  Spine Crawler  
  157  16:53  Spine Crawler  
  155  17:00  Hydralisk x11  
  177  17:08  Overseer  
  175  17:10  Queen  
  175  17:11  Queen  
  179  17:28  Hydralisk  
  179  17:29  Hydralisk x6  
  188  18:07  Zergling x22, Spine Crawler  
  188  18:08  Spine Crawler x3  
  195  18:25  Hive  
  195  19:09  Spine Crawler  
  194  19:10  Spine Crawler x2  
  194  19:14  Overlord  
  194  19:15  Overlord  
  129  19:32  Hydralisk, Mutalisk  
  129  19:33  Mutalisk x18  
  152  19:49  Hydralisk x5  
  136  20:11  Hydralisk x2  
  136  20:22  Hatchery  
  135  20:31  Drone x9  
  144  20:59  Hydralisk x5  
  144  21:00  Hydralisk  
  154  21:19  Hydralisk x6  
  158  21:35  Hydralisk  
  158  21:36  Hydralisk x5  
  166  22:04  Hydralisk x10  
  186  22:19  Extractor  
  186  22:20  Spine Crawler  
  186  22:22  Spine Crawler  
Show
View Real Time Build Order
Export as new Build Order

RorschachINK Protoss 

Build Orders: 1 Gate Expand, Zealot Archon 

Get SALT Encoding   

  12  0:02  Probe  
  13  0:16  Pylon  
  13  0:18  Probe  
  14  0:26  Probe  
  14  0:34  Probe  
  14  0:35  Gateway  
  16  0:44  Probe  
  17  0:50  Assimilator  
  17  0:54  Probe  
  18  1:02  Probe  
  18  1:10  Probe  
  20  1:34  Nexus  
  20  1:38  Cybernetics Core  
  20  1:39  Probe  
  21  1:46  Assimilator  
  21  1:51  Probe  
  22  1:54  Pylon  
  22  2:03  Probe  
  22  2:05  Adept  
  25  2:15  Warp Gate  
  25  2:24  Probe  
  26  2:31  Stalker  
  28  2:37  Probe  
  29  2:49  Probe  
  30  2:53  Gateway  
  30  2:54  Shield Battery  
  30  2:59  Probe  
  30  3:01  Probe, Adept  
  34  3:11  Probe  
  35  3:13  Probe  
  36  3:21  Probe  
  36  3:25  Probe  
  38  3:29  Probe, Assimilator  
  38  3:32  Assimilator  
  39  3:37  Probe  
  39  3:38  Probe, Pylon  
  39  3:39  Robotics Facility  
  40  3:48  Probe  
  41  3:50  Probe  
  43  3:56  Probe  
  43  4:02  Probe, Twilight Council  
  45  4:05  Gateway  
  45  4:08  Gateway  
  45  4:12  Probe  
  45  4:13  Probe  
  47  4:20  Probe  
  47  4:21  Probe  
  48  4:27  Warp Prism  
  48  4:29  Probe  
  51  4:36  Pylon  
  52  4:42  Templar Archives  
  52  4:43  Probe  
  52  4:44  Probe  
  54  4:58  Probe, Pylon  
  54  4:59  Pylon  
  55  5:04  Probe  
  56  5:22  High Templar x4  
  56  5:25  Shield Battery  
  56  5:26  Archon x2  
  56  5:28  Shield Battery  
  54  5:53  Probe  
  54  5:54  Probe  
  54  5:55  Stalker x4  
  64  6:01  Probe  
  63  6:06  Probe  
  63  6:09  Probe  
  64  6:18  Probe  
  66  6:20  Probe  
  67  6:27  Shield Battery  
  67  6:29  Charge  
  67  6:30  Probe  
  67  6:32  Forge, Adept, Zealot x2, Probe  
  75  6:42  Probe  
  75  6:43  Nexus  
  75  6:44  Probe  
  75  6:45  Pylon  
  75  6:54  Zealot  
  71  7:04  Zealot x3  
  71  7:07  Probe x2  
  71  7:09  Protoss Ground Weapons Level 1  
  71  7:16  Probe  
  71  7:19  Probe  
  74  7:22  Observer  
  74  7:24  Probe  
  75  7:32  Probe x2  
  75  7:34  Shield Battery  
  77  7:40  Probe, Pylon  
  77  7:42  Photon Cannon  
  77  7:44  Probe  
  79  7:52  Probe  
  79  7:55  Probe  
  82  7:58  Probe  
  82  8:03  Probe  
  83  8:05  Probe  
  83  8:06  Psionic Storm  
  83  8:11  Photon Cannon  
  74  8:13  Probe  
  74  8:18  Photon Cannon  
  75  8:20  High Templar x4  
  75  8:21  Photon Cannon  
  75  8:24  Photon Cannon  
  83  8:29  Shield Battery  
  83  8:30  Probe  
  83  8:31  Probe  
  83  8:32  Warp Prism, Photon Cannon x2  
  85  8:39  Protoss Ground Weapons Level 2  
  85  8:41  Probe  
  88  8:52  Probe  
  88  8:53  Probe, Gateway  
  88  8:55  Gateway  
  90  8:56  Assimilator  
  90  8:57  Gateway  
  90  8:59  High Templar x4  
  90  9:00  Assimilator  
  98  9:03  Archon x2  
  98  9:10  Photon Cannon  
  98  9:13  Photon Cannon  
  98  9:28  Probe x2, Immortal  
  104  9:33  Probe  
  104  9:34  Zealot x2  
  109  9:41  Pylon  
  109  9:43  Pylon  
  109  9:44  Pylon  
  109  9:46  Pylon  
  109  9:54  Immortal  
  109  10:01  Nexus  
  108  10:08  Pylon  
  108  10:12  Pylon  
  112  10:21  Zealot  
  114  10:22  Adept  
  114  10:25  High Templar x4  
  124  10:29  Archon x2  
  124  10:35  Photon Cannon  
  124  10:36  Photon Cannon  
  124  10:40  Photon Cannon  
  124  10:41  Photon Cannon  
  124  10:42  Photon Cannon x2  
  124  10:43  Assimilator  
  124  10:44  Shield Battery  
  124  10:47  Photon Cannon  
  124  10:48  Shield Battery, High Templar x3  
  124  10:49  Assimilator, Protoss Ground Weapons Level 3  
  130  11:06  Zealot x3  
  130  11:07  Zealot  
  138  11:12  Probe  
  138  11:13  Probe  
  138  11:14  Probe  
  138  11:15  Probe  
  140  11:26  Zealot x4  
  148  11:33  Zealot x3  
  147  11:48  Zealot  
  147  11:49  Zealot x2  
  147  11:53  Probe x2  
  151  11:59  Zealot x3  
  136  12:29  Zealot x4, Pylon  
  132  12:30  Pylon  
  132  12:31  Pylon  
  120  12:56  Zealot  
  120  12:57  Zealot x5  
  124  12:58  Immortal  
  112  13:20  Zealot x3  
  112  13:21  Zealot x3  
  120  13:29  Immortal  
  95  13:36  Pylon  
  99  13:45  Gateway  
  79  13:56  Gateway  
  79  13:57  Gateway  
  79  13:59  Gateway, High Templar x3  
  79  14:00  High Templar x3  
  79  14:01  Pylon x2  
  89  14:15  Immortal  
  89  14:19  Probe  
  89  14:20  Probe x2  
  92  14:29  Photon Cannon  
  92  14:32  Probe, Photon Cannon  
  92  14:33  Photon Cannon  
  92  14:37  Pylon  
  93  14:38  Zealot x2  
  93  14:39  Zealot x5  
  107  14:58  Probe x3  
  108  15:01  Zealot x2  
  108  15:02  Zealot x5  
  108  15:05  Immortal  
  124  15:10  Probe x3  
  127  15:22  Probe  
  124  15:31  High Templar x5  
  124  15:32  High Templar x6  
  124  15:35  Archon x2  
  146  15:41  Archon x4  
  146  15:42  Archon  
  138  15:56  Nexus  
  101  16:07  Zealot x6  
  101  16:08  Zealot x5  
  115  16:12  Immortal  
  115  16:17  Probe  
  112  16:19  Pylon  
  112  16:22  Pylon  
  112  16:24  Assimilator  
  108  16:28  Assimilator  
  108  16:39  High Templar  
  105  16:40  High Templar x4  
  105  16:42  Zealot  
  105  16:43  Zealot x4  
  117  16:54  Zealot  
  119  17:07  Zealot x5  
  129  17:13  Probe  
  129  17:14  Probe x2  
  132  17:15  Zealot  
  132  17:16  Zealot  
  136  17:25  Zealot x4  
  140  17:34  Zealot  
  140  17:35  Zealot x3  
  140  17:36  Zealot  
  136  18:00  High Templar x4  
  136  18:01  High Templar x2  
  136  18:02  Zealot x3  
  152  18:12  Immortal  
  146  18:14  Protoss Shields Level 1, Probe x3  
  147  18:26  Probe x3  
  154  18:27  Zealot x2  
  154  18:28  Zealot  
  155  18:39  Zealot x4  
  155  18:40  Zealot x2  
  167  18:52  Probe  
  167  18:55  Probe  
  169  18:56  Probe  
  162  19:05  Zealot x7  
  162  19:06  Zealot x2  
  179  19:13  Probe x2  
  145  19:37  Archon  
  145  19:38  Archon x3  
  131  19:45  Zealot x5  
  123  19:46  Zealot x4  
  89  20:17  Cybernetics Core  
  89  20:19  High Templar x2  
  89  20:20  High Templar x5  
  89  20:21  High Templar x2  
  103  20:26  Archon x2  
  103  20:27  Archon  
  97  20:31  Archon  
  89  20:54  Stalker x4  
  89  20:55  Stalker x5  
  105  21:07  Cybernetics Core, Photon Cannon  
  105  21:10  Photon Cannon  
  105  21:12  Photon Cannon  
  105  21:15  Pylon  
  105  21:24  Zealot x3  
  109  21:32  Pylon  
  103  21:34  Pylon  
  103  21:40  Pylon  
  103  21:44  Pylon  
  99  21:48  Zealot x3  
  102  22:10  Zealot  
  102  22:11  Zealot x3  
  102  22:12  Zealot x3  
  116  22:22  Nexus  
  116  22:24  Photon Cannon  
  116  22:29  Pylon  
  116  22:35  Pylon  
  110  22:57  Zealot x5  
Tags
 
Add a new tag
Caveats
  • Supply blocks, unpowered buildings, or Contaminate may cause inaccurate times.
  • Supply counts are checked every 10 seconds.